 Dungeon Crawl Stone Soup version 0.14.0-2-gd2dacb9 (webtiles) character file.

4232 Heini the Basher (level 9, -7/124 HPs)
             Began as a Minotaur Berserker on Apr 10, 2014.
             Was a High Priest of Trog.
             Mangled by a very large slime creature (37 damage)
             ... on Level 8 of the Dungeon.
             The game lasted 00:31:53 (6889 turns).

Heini the Basher (Minotaur Berserker)               Turns: 6889, Time: 00:31:53

HP  -7/124       AC 15     Str 29      XL: 9   Next: 93%
MP   4/4         EV  7     Int  4      God: Trog [*****.]
Gold 480         SH  0     Dex 11      Spells:  0 memorised,  8 levels left

rFire  . . .     SeeInvis .     o - +0 flail
rCold  . . .     Clarity  .     q - +0 plate armour
rNeg   + . .     Conserve .     (no shield)
rPois  .         rCorr    .     (helmet restricted)
rElec  .         rRot     .     n - +0 cloak
SustAb + .       Spirit   .     (no gloves)
rMut   .         Warding  .     (no boots)
Saprov . . .     Stasis   .     (no amulet)
MR     .....                    r - ring of positive energy
                                e - ring of sustain abilities

@: berserking, very quick, not resistant to hostile enchantments, extremely
unstealthy
A: retaliatory headbutt, horns 2
a: Burn Spellbooks, Berserk, Trog's Hand, Brothers in Arms, Renounce Religion


You were on level 8 of the Dungeon.
You worshipped Trog.
Trog was extremely pleased with you.
You were hungry.

You visited 1 branch of the dungeon, and saw 8 of its levels.
You also visited: Sewer.

You collected 480 gold pieces.

Inventory:

Hand weapons
 o - a +0,+0 flail (weapon)
 E - a +0,+3 sling of flame
Missiles
 g - 47 stones (quivered)
Armour
 n - a +0 cloak (worn)
 q - a +0 plate armour (worn)
Magical devices
 m - a wand of slowing (4)
 B - a wand of paralysis (8)
 G - a wand of heal wounds (3)
 L - a wand of draining (5)
 M - a wand of teleportation (3) {unknown}
Comestibles
 c - 3 bread rations
 p - 4 meat rations
 x - an orange
 A - a royal jelly
 F - a choko
 H - a chunk of orc flesh
 K - a pear
Scrolls
 j - 3 scrolls of remove curse
 k - a scroll of identify
 s - a scroll of fear {unknown}
 u - 2 scrolls of random uselessness {unknown}
 w - 4 scrolls of enchant weapon I {unknown}
 y - a scroll of blinking {unknown}
 D - a scroll of enchant weapon II
 J - a scroll of enchant armour {unknown}
 O - a scroll of noise {unknown}
Jewellery
 e - a ring of sustain abilities (left hand)
 h - an uncursed ring of magical power
 r - a ring of positive energy (right hand)
Potions
 a - 7 potions of restore abilities
 b - a potion of invisibility {unknown}
 d - 7 potions of heal wounds
 f - 5 potions of curing {unknown}
 i - 2 potions of mutation {unknown}
 t - a potion of paralysis {unknown}
 v - a potion of might {unknown}
 z - 2 potions of flight {unknown}
 C - 2 potions of magic {unknown}
 N - a potion of poison {unknown}
Miscellaneous
 l - a box of beasts


   Skills:
 * Level 9.0 Fighting
 * Level 10.9 Maces & Flails
 * Level 8.4 Armour
 + Level 7.1 Dodging


You had 8 spell levels left.
You didn't know any spells.

Dungeon Overview and Level Annotations

Branches:
Dungeon (8/15)             Temple (0/1) D:5
   Lair: D:8-11

Altars:
Cheibriados
Elyvilon
Okawaru
Trog
Xom
Zin

Shops:
D:6 !

Annotations:
D:6 1 exclusion


Innate Abilities, Weirdness & Mutations

You reflexively headbutt those who attack you in melee.
You have a pair of horns on your head.


Message History

Use which ability? (? or * to list)
A red film seems to cover your vision as you go berserk!
You feel yourself moving faster!
You feel mighty!
You feel somewhat more hungry.
You are feeling hungry.
A titanic slime creature splits.
You bludgeon the very large slime creature!!
You headbutt the very large slime creature!
The very large slime creature is moderately wounded.
You sock the very large slime creature!
The very large slime creature is heavily wounded.
A large slime creature splits.
The very large slime creature hits you!
* * * LOW HITPOINT WARNING * * *
You hit the slime creature. You headbutt the slime creature!
The slime creature is heavily wounded.
You sock the slime creature! You headbutt the slime creature!
The slime creature is almost dead.
The slime creature hits you but does no damage.
The very large slime creature hits you!
You die...

#.# #.# #.# #.# #.#
#.# #.# #.# #.# #.#
#.###.#### #.#
#......... #.#
#..#...### #.#
#..#...#
#J#######......#
#@J............###
#J#######..[......
#..O.....#......####
#(.......#......####
#.....)..#..........
#........#...)..####
#........#......#
##########......####
#..........


You could see a very large slime creature, 2 slime creatures and a two-headed
ogre.

Vanquished Creatures
  A kobold demonologist (Sewer)
  Grinder (Sewer)
  A yak (D:7)
  Eustachio (D:4)
  A hippogriff (D:7)
  A hungry ghost (D:8)
  A necrophage (D:7)
  Menkaure (D:6)
  2 orc warriors
  A sky beast (D:8)
  An ice beast (D:3)
  4 ogres
  3 phantoms
  2 centaurs
  Sigmund (D:7)
  2 big kobolds (Sewer)
  3 giant frogs (D:7)
  A scorpion (D:5)
  A goliath beetle (D:7)
  A crimson imp (D:5)
  A quasit (D:8)
  A hound (D:4)
  A big fish (Sewer)
  A jelly (D:7)
  2 orc wizards
  Crazy Yiuf (D:6)
  An orc priest (D:8)
  2 iguanas
  4 worker ants
  3 big kobold zombies (Sewer)
  A mottled dragon zombie (D:8)
  Ijyb (D:3)
  A hound zombie (D:7)
  A big fish zombie (Sewer)
  12 adders
  2 green rats (D:3)
  5 giant mites
  An inept feature mimic (D:3)
  3 shadow imps (Sewer)
  A worm (D:4)
  3 ufetubi (Sewer)
  An adder zombie (D:6)
  A giant eyeball (D:5)
  20 orcs
  18 bats
  4 giant cockroaches
  9 hobgoblins
  8 jackals
  A quokka (D:7)
  3 ball pythons
  4 giant geckos
  4 giant newts
  A giant newt skeleton (D:3)
  8 goblins
  2 hobgoblin skeletons
  20 kobolds
  2 kobold zombies (Sewer)
  2 orc zombies
  17 rats
  A rat skeleton (D:5)
204 creatures vanquished.

Vanquished Creatures (others)
  A wizard (D:3)
  A kobold zombie (Sewer)
2 creatures vanquished.

Grand Total: 206 creatures vanquished

Notes
Turn   | Place    | Note
--------------------------------------------------------------
     0 | D:1      | Heini, the Minotaur Berserker, began the quest for the Orb.
     0 | D:1      | Reached XP level 1. HP: 19/19 MP: 1/1
    81 | D:1      | Reached skill level 4 in Maces & Flails
   137 | D:1      | Reached XP level 2. HP: 24/27 MP: 1/1
   267 | D:1      | Acquired Trog's second power
   701 | D:2      | Reached XP level 3. HP: 30/33 MP: 2/2
   928 | D:2      | Found an iron altar of Okawaru.
  1369 | D:3      | Noticed an ice beast
  1375 | D:3      | Killed an ice beast
  1375 | D:3      | Reached skill level 5 in Fighting
  1375 | D:3      | Reached skill level 5 in Maces & Flails
  1375 | D:3      | Reached XP level 4. HP: 15/42 MP: 2/2
  1375 | D:3      | Reached XP level 5. HP: 17/48 MP: 2/2
  1584 | D:3      | Found a glowing drain.
  1596 | Sewer    | Entered a sewer
  1862 | Sewer    | Reached XP level 6. HP: 48/56 MP: 3/3
  1990 | Sewer    | Found a burning altar of Makhleb.
  2008 | Sewer    | Reached skill level 6 in Maces & Flails
  2029 | Sewer    | Noticed an apprentice kobold demonologist
  2041 | Sewer    | Killed an apprentice kobold demonologist
  2041 | Sewer    | Reached XP level 7. HP: 30/63 MP: 3/3
  2234 | Sewer    | Noticed Grinder
  2244 | Sewer    | Killed Grinder
  2244 | Sewer    | Reached skill level 7 in Maces & Flails
  2244 | Sewer    | Reached skill level 5 in Dodging
  2259 | Sewer    | Acquired Trog's third power
  2507 | D:3      | Found a white marble altar of Elyvilon.
  2507 | D:3      | Found a shimmering altar of Xom.
  2507 | D:3      | Found a snail-covered altar of Cheibriados.
  2539 | D:3      | Noticed Ijyb
  2545 | D:3      | Reached XP level 8. HP: 71/71 MP: 3/3
  2566 | D:3      | Killed Ijyb
  2922 | D:3      | Found a bloodstained altar of Trog.
  2922 | D:3      | Noticed a wizard
  2928 | D:3      | Killed a wizard
  3009 | D:4      | Noticed Eustachio
  3024 | D:4      | Killed Eustachio
  3024 | D:4      | Reached skill level 8 in Maces & Flails
  3024 | D:4      | Reached skill level 5 in Armour
  3619 | D:5      | Entered Level 5 of the Dungeon
  3865 | D:5      | Upgraded the game from 0.14-b1-56-gbadd701 to 0.14.0-2-gd2dacb9
  3912 | D:5      | Paralysed by a giant eyeball for 2 turns
  3915 | D:5      | Paralysed by a giant eyeball for 3 turns
  4027 | D:5      | Found a staircase to the Ecumenical Temple.
  4036 | D:5      | Reached skill level 9 in Maces & Flails
  4684 | D:6      | Found a glowing silver altar of Zin.
  4723 | D:6      | Noticed Menkaure
  4732 | D:6      | Killed Menkaure
  4781 | D:6      | Found Crociptu's Distillery.
  4909 | D:6      | Noticed Crazy Yiuf
  4915 | D:6      | Killed Crazy Yiuf
  4915 | D:6      | Reached XP level 9. HP: 71/81 MP: 4/4
  5399 | D:7      | Reached skill level 10 in Maces & Flails
  5629 | D:7      | Received a gift from Trog
  6084 | D:7      | Noticed Sigmund
  6090 | D:7      | Killed Sigmund
  6889 | D:8      | Mangled by a very large slime creature

Action                   |  1- 3 |  4- 6 |  7- 9 || total
-------------------------+-------+-------+-------++-------
Melee: Mace              |    59 |       |       ||    59
       Flail             |    17 |    87 |   417 ||   521
Invok: Berserk           |       |     1 |     3 ||     4
       Burn Spellbooks   |       |       |     2 ||     2
Evoke: Wand              |       |       |     3 ||     3
  Use: Scroll            |     5 |       |     6 ||    11
